[Event "RUDAR VI-GM 2024"]
[Site "Pozarevac"]
[Date "2024.02.12"]
[Round "3.3"]
[White "Sutormin, Danila"]
[Black "Ahmadzada, Ahmad"]
[Result "0-1"]
[ECO "B22"]
[WhiteElo "2353"]
[BlackElo "2501"]
[Annotator "TA"]
[PlyCount "50"]
[EventDate "2024.02.12"]
[EventType "tourn"]
[EventCountry "SRB"]
[SourceTitle "playchess.com"]
[Source "ChessBase"]
[SourceQuality "1"]
[TimeControl "5400+30"]

1. e4 c5 2. c3 Nf6 3. e5 Nd5 4. Bc4 e6 5. d4 cxd4 6. cxd4 d6 7. Nf3 Be7 8. O-O O-O 9. Qe2 Bd7 10. Nc3 {[%emt 0:09:08] The position is equal.} Nxc3 11. bxc3 Bc6 12. Bf4 Bxf3 13. Qxf3 Nc6 14. Rfe1 dxe5 15. dxe5 Qc7 16. Qg4 Rfd8 17. Re3 g6 18. Bxe6 $2 {[%emt 0:08:27] This costs White the game.} fxe6 $19 19. Qxe6+ Kh8 20. Rh3 {[%emt 0:00:16] [#]} (20. Rae1 $142) 20... Qd7 $1 21. Qb3 {[%emt 0:01:32] Prevents Qd1+.} (21. Qxg6 $2 {leads to mate.} Qd1+ 22. Rxd1 Rxd1#) 21... Qf5 22. Be3 b6 ({Not} 22... Nxe5 23. Bd4 $19) 23. Re1 Nxe5 24. Bd4 Bf6 25. Rhe3 Ng4 $1 {[%emt 0:01:49][%csl LRd4,LRe3,LRf2] Weighted Error Value: White=0.32/Black=0.07 (flawless) .  Mistake:       	White=2     	---        Inaccurate:     	White=3     	---        OK:         	White=4     	Black=8      Best:        	---       	Black=1      Strong:       	---       	Black=1} 0-1

[Event "RUDAR VI-GM 2024"]
[Site "Pozarevac"]
[Date "2024.02.12"]
[Round "3.4"]
[White "Velpula Sarayu"]
[Black "Garifullina, Leya"]
[Result "1/2-1/2"]
[ECO "C83"]
[WhiteElo "2444"]
[BlackElo "2422"]
[Annotator "RC"]
[PlyCount "88"]
[EventDate "2024.02.12"]
[EventType "tourn"]
[EventCountry "SRB"]
[SourceTitle "playchess.com"]
[Source "ChessBase"]
[SourceQuality "1"]
[TimeControl "5400+30"]

1. e4 e5 2. Nf3 Nc6 3. Bb5 a6 4. Ba4 Nf6 5. O-O Nxe4 6. d4 b5 7. Bb3 d5 8. dxe5 Be6 9. c3 Be7 10. Nbd2 O-O 11. Bc2 f5 12. Nb3 Qd7 13. Nfd4 Nxd4 14. Nxd4 c5 15. Nxe6 Qxe6 16. f3 Ng5 17. Bf4 Rad8 18. Kh1 c4 19. a4 Qb6 20. axb5 axb5 21. Bxg5 Bxg5 22. f4 Be7 23. b3 g6 24. Qf3 d4 25. bxc4 bxc4 26. Rab1 Qc5 27. cxd4 Rxd4 28. Rfc1 Rfd8 29. Bd1 Re4 30. Qf1 Kf8 31. Be2 c3 32. Rb3 Re3 33. Rb5 Qa3 34. Bc4 Rd2 35. Rb3 Qa5 36. Rb8+ Bd8 37. Qg1 Qa7 38. Rxc3 Rxc3 39. Qxa7 Rd1+ 40. Qg1 Rxg1+ 41. Kxg1 Rxc4 42. Rxd8+ Ke7 43. Rh8 Rxf4 44. Rxh7+ Ke6 1/2-1/2

[Event "RUDAR VI-GM 2024"]
[Site "Pozarevac"]
[Date "2024.02.12"]
[Round "3.5"]
[White "Volkov, Dmitriy"]
[Black "Kotronias, Vasilios"]
[Result "1/2-1/2"]
[ECO "A57"]
[WhiteElo "2268"]
[BlackElo "2453"]
[Annotator "TA"]
[PlyCount "55"]
[EventDate "2024.02.12"]
[EventType "tourn"]
[EventCountry "SRB"]
[SourceTitle "playchess.com"]
[Source "ChessBase"]
[SourceQuality "1"]
[TimeControl "5400+30"]

1. d4 Nf6 2. c4 c5 3. d5 b5 4. cxb5 a6 5. e3 g6 6. Nc3 Bg7 7. Nf3 O-O 8. bxa6 d6 9. Be2 Bxa6 10. O-O Qb6 11. Rb1 Nfd7 {[%emt 0:18:48] [#] Threatens to win with ...Bxc3. The position is equal.} 12. Bd2 Bxe2 13. Qxe2 Na6 14. b3 Bxc3 15. Bxc3 Nb4 16. Bxb4 Qxb4 17. e4 Nf6 18. Rfe1 Qa3 19. e5 (19. Ra1 $16) 19... Nxd5 $14 20. Qd2 {[%emt 0:00:40] Repels Nc3} Nc7 (20... e6 $11) 21. exd6 $16 exd6 22. Qxd6 Ne6 23. Re2 Rad8 24. Qe5 {[%emt 0:00:56] White is much more active.} Qa6 25. Rbe1 c4 26. h4 cxb3 27. axb3 Qd6 28. Qxd6 {[%emt 0:04:48] Weighted Error Value: White=0.10 (very precise) /Black=0.13 (very precise) .  Mistake:       	White=2     	Black=1      Inaccurate:     	White=2     	Black=5      OK:         	White=5     	Black=6      Best:        	White=3     	Black=1} (28. Qc3 $16) 1/2-1/2

[Event "RUDAR VI-GM 2024"]
[Site "Pozarevac"]
[Date "2024.02.12"]
[Round "4.1"]
[White "Krishna Teja, N."]
[Black "Kotronias, Vasilios"]
[Result "0-1"]
[ECO "E68"]
[WhiteElo "2349"]
[BlackElo "2453"]
[Annotator "TA"]
[PlyCount "74"]
[EventDate "2024.02.12"]
[EventType "tourn"]
[EventCountry "SRB"]
[SourceTitle "playchess.com"]
[Source "ChessBase"]
[SourceQuality "1"]
[TimeControl "5400+30"]

1. d4 Nf6 2. c4 g6 3. g3 Bg7 4. Bg2 O-O 5. Nc3 d6 6. Nf3 Nbd7 7. O-O e5 8. e4 exd4 9. Nxd4 Re8 10. Re1 Nc5 11. h3 h6 12. Rb1 a5 13. Ndb5 Bd7 14. Bf4 Ne6 {[%emt 0:01:21] White has an edge.} 15. Bd2 Qb8 16. Bc1 a4 17. b4 (17. f4 $14) 17... axb3 $11 18. axb3 Ng5 19. Kh2 Qc8 20. h4 (20. Bxg5 $1 $11 hxg5 21. Qd2) 20... Bxb5 $17 {[%emt 0:02:35] Black continues to play with concentration.} 21. Nxb5 (21. Bb2 $17) 21... Ngxe4 $19 {[%emt 0:00:17] Excellent horsemanship.} 22. f3 (22. Bxe4 {is a better defense.} Rxe4 (22... Nxe4 23. Qc2 $17) 23. Rxe4 Nxe4 24. Qf3) 22... c6 23. Qc2 cxb5 24. Bh3 Qc6 25. fxe4 Nxe4 (25... Rxe4 26. Bg2 d5 27. Bxe4 Nxe4 (27... dxe4 $2 28. Kh3 $19) 28. Bf4 $19) 26. Bg2 f5 27. Bf4 (27. Re2 {keeps fighting.}) 27... d5 28. Rbc1 Rac8 29. c5 b4 (29... Qxc5 $2 30. Qxc5 Nxc5 31. Rxe8+ (31. Bxd5+ Kh7 $18) 31... Rxe8 32. Rxc5 $18) 30. Qd3 Kh7 (30... Nxc5 $2 31. Qxd5+ (31. Bxd5+ Kh7 $18) 31... Qxd5 32. Bxd5+ Kh7 33. Rxe8 Rxe8 34. Rxc5 $18) 31. Re2 h5 (31... Nxc5 32. Rxe8 Nxd3 (32... Rxe8 $2 33. Qxd5 Qxd5 34. Bxd5 $19) 33. Rxc6 Rxe8 34. Rc7) 32. Bd2 Be5 ({Resist} 32... Nxc5 33. Rxe8 Qxe8 (33... Nxd3 $2 34. Rxc6 Rxe8 35. Rc7 $19) 34. Qxd5 $19) 33. Bxe4 (33. Kg1 $142) 33... fxe4 34. Qe3 d4 35. Qh6+ Kg8 36. Rf1 Bg7 (36... Qxc5 $2 {too greedy.} 37. Qxg6+ Bg7 38. Rf7 $18) 37. Qg5 Re5 {[%emt 0:00:16] Weighted Error Value: White=0.75/Black=0.07 (flawless) .  Mistake:       	White=6     	---        OK:         	White=9     	Black=10     Best:        	---       	Black=3} ({Less strong is} 37... Qxc5 38. Qxg6 Qb5 39. Ref2 $11) 0-1

[Event "RUDAR VI-GM 2024"]
[Site "Pozarevac"]
[Date "2024.02.12"]
[Round "4.2"]
[White "Garifullina, Leya"]
[Black "Volkov, Dmitriy"]
[Result "1-0"]
[ECO "E60"]
[WhiteElo "2422"]
[BlackElo "2268"]
[Annotator "TA"]
[PlyCount "75"]
[EventDate "2024.02.12"]
[EventType "tourn"]
[EventCountry "SRB"]
[SourceTitle "playchess.com"]
[Source "ChessBase"]
[SourceQuality "1"]
[TimeControl "5400+30"]

1. d4 Nf6 2. c4 g6 3. Nf3 Bg7 4. g3 O-O 5. Bg2 d6 6. O-O Nc6 7. d5 Na5 8. Na3 c5 9. Re1 e5 10. e4 b6 11. Bd2 {[%emt 0:00:00] White is slightly better.} Nb7 12. Qc1 Bd7 13. Nh4 Ne8 14. Bf1 Qe7 15. Bd3 Bh3 16. Qc2 Bf6 17. Ng2 Ng7 18. Nb5 Rfe8 (18... Bg5 $14) 19. Nc3 {[%emt 0:00:00] White is more active.} Qd8 20. f3 Bg5 21. f4 Bh6 {[%emt 0:00:00] Black is on the road to losing.} ({Better is} 21... exf4 $1 $14 22. Nxf4 (22. gxf4 Bf6 $14) 22... Bd7) 22. f5 $16 Bxd2 23. Qxd2 Bxg2 (23... Nh5 $16 24. Ne3 Qg5) 24. Kxg2 $18 (24. Qxg2 Qg5 25. Kh1 Kh8 $16) 24... g5 {[%emt 0:00:00] Black is weak on the light squares} (24... Nh5 {was necessary.} 25. Be2 Nf6) 25. h4 h6 {[%emt 0:00:00] [#]} (25... g4 26. Qg5 f6 27. Qxg4 Kh8) 26. Rh1 {[%emt 0:00:00][%cal Be1h1,Bh1h6,Bh6g6,Bg6g7][%mdl 32] White is clearly winning.} f6 27. hxg5 hxg5 28. Rh6 Kf7 29. Rah1 Rg8 30. Nd1 Qe7 31. Ne3 {[%emt 0:00:00] [#] aiming for Ng4.} Raf8 32. Ng4 Ke8 33. Rg6 Kd8 34. Rh7 Kc8 35. Nh6 Rh8 36. Rhxg7 Qxg7 37. Rxg7 Rxh6 38. Qd1 {[%emt 0:00:00] Weighted Error Value: White=0.07 (flawless) /Black=0.46.  Mistake:       	---       	Black=5      Inaccurate:     	White=1     	Black=3      OK:         	White=8     	Black=7      Best:        	White=2     	---} 1-0

[Event "RUDAR VI-GM 2024"]
[Site "Pozarevac"]
[Date "2024.02.12"]
[Round "4.3"]
[White "Ahmadzada, Ahmad"]
[Black "Velpula Sarayu"]
[Result "1-0"]
[ECO "B91"]
[WhiteElo "2501"]
[BlackElo "2444"]
[Annotator "TA"]
[PlyCount "69"]
[EventDate "2024.02.12"]
[EventType "tourn"]
[EventCountry "SRB"]
[SourceTitle "playchess.com"]
[Source "ChessBase"]
[SourceQuality "1"]
[TimeControl "5400+30"]

1. e4 c5 2. Nf3 d6 3. d4 cxd4 4. Nxd4 Nf6 5. Nc3 a6 6. g3 e5 7. Nf3 Be7 8. Bg2 b5 9. a4 {[%emt 0:00:36] The position is equal.} bxa4 (9... b4 $11 {is more appropriate.} 10. Nd5 Nxd5 11. Qxd5 Ra7) 10. Rxa4 Nbd7 11. O-O Nc5 12. Ra1 Bb7 13. Nh4 g6 {[%emt 0:00:00] Against Nf5} 14. Bh6 Nfxe4 15. Nxe4 Nxe4 (15... Bxe4 $14 16. Bxe4 Nxe4) 16. Qe2 (16. Re1 $1 $16 d5 17. Bg7) 16... d5 (16... Nc5 $1 $14) 17. Bg7 $16 Rg8 18. Bxe5 Bxh4 19. gxh4 f6 20. Bd4 Kf7 21. Rfe1 {[%emt 0:00:53] aiming for f3.} Re8 22. Qe3 (22. Qf3 $16 {Qb3 would now be deadly.} Bc8 23. Qf4) 22... Qc7 ({Black should play} 22... Nd6 $1 $14 23. Qh6 Kg8) 23. c3 Ng5 {[%emt 0:00:00] [#]} 24. Qd2 $36 {[%emt 0:02:32][%mdl 2048] White is on the roll. Some like it hot} Ne6 25. Qh6 Kg8 26. Bxf6 Qf7 27. Be5 {[%emt 0:02:04] White has more active pieces. Black is weak on the dark squares} Nc5 28. Rad1 {[%emt 0:02:41][%cal Ba1d1,Bd1d3,Bd3e3][%mdl 32] Inhibits Nd3.} Ne4 29. Bd4 Re7 (29... Rad8 $142 30. Qc1 Rd7) 30. Rd3 $18 {[%emt 0:03:45] Black must now prevent Rf3.} Nd6 $2 (30... Qf8 {is tougher.} 31. Qxf8+ Kxf8) 31. Rxe7 Qxe7 32. Re3 Qf7 (32... Qf8 33. Qxf8+ Rxf8) 33. Bh3 {[%emt 0:00:22] This pair of bishops is nice.} Bc8 {[%emt 0:02:49] Repels Be6} 34. Qg5 $2 (34. Re6 {[%cal Oh4h5] h5! is the strong threat.} Rb8 35. h5 (35. Rxd6 Bxh3 36. Rxa6 Re8 $18) (35. Rf6 Qg7 $18) 35... Bxe6 36. Bxe6) 34... Bxh3 $2 {[%emt 0:00:41] [#]} (34... Bf5 $18 35. Re7 Ne4 36. Rxf7 Nxg5 37. Rg7+ Kf8) 35. Qe5 $1 {[%emt 0:00:11] Weighted Error Value: White=0.32/Black=0.52.  Mistake:       	White=2     	Black=7      Inaccurate:     	White=3     	Black=1      OK:         	White=8     	Black=8      Best:        	White=5     	Black=1} ({Weaker is} 35. Rxh3 Nf5 $16) 1-0

[Event "RUDAR VI-GM 2024"]
[Site "Pozarevac"]
[Date "2024.02.12"]
[Round "4.4"]
[White "Apaar Saxena"]
[Black "Sutormin, Danila"]
[Result "0-1"]
[ECO "E60"]
[WhiteElo "2150"]
[BlackElo "2353"]
[Annotator "TA"]
[PlyCount "38"]
[EventDate "2024.02.12"]
[EventType "tourn"]
[EventCountry "SRB"]
[SourceTitle "playchess.com"]
[Source "ChessBase"]
[SourceQuality "1"]
[TimeControl "5400+30"]

1. d4 Nf6 2. c4 g6 3. g3 Bg7 4. Bg2 c5 5. dxc5 Qa5+ 6. Nc3 Qxc5 7. Bd2 O-O 8. Rc1 {[%emt 0:00:11][%cal Ob2b4] The position is equal.} Nc6 9. b3 Rd8 10. Nh3 {[%emt 0:03:52] [#]} (10. e4 $11) 10... d5 $1 $40 {[%emt 0:17:01][%mdl 128] White needs to defend precisely.} 11. Nxd5 ({Better is} 11. cxd5 $15 Bxh3 12. Bxh3 Nxd5 13. Nb1) (11. Nf4 dxc4) 11... Bxh3 $17 12. Nxf6+ Bxf6 13. Bxh3 Bg5 {[%emt 0:02:56] Black is much more active.} 14. e3 {[%emt 0:02:06] [#]} Ne5 $1 {[%emt 0:03:11][%mdl 1024] Strongly threatening ...Qc6. Black has strong compensation.} 15. Kf1 {[%emt 0:12:00] [#] This move loses the game for White.} (15. Bg4 $17) 15... Qd6 $1 $19 16. Rc2 Qd3+ 17. Kg2 $2 (17. Kg1 Nf3+ 18. Qxf3 Qxc2 19. Ba5) 17... Qe4+ {[%emt 0:00:26] Black is clearly winning.} 18. f3 {[%emt 0:00:32] [#]} Nxf3 $1 19. Qxf3 Qxc2 {[%emt 0:00:11] Weighted Error Value: White=0.83/Black=0.04 (flawless) .  Mistake:       	White=4     	---        Inaccurate:     	White=2     	---        OK:         	White=4     	Black=2      Best:        	---       	Black=2      Strong:       	---       	Black=2      Brilliant:      	---       	Black=1} 0-1

[Event "RUDAR VI-GM 2024"]
[Site "Pozarevac"]
[Date "2024.02.12"]
[Round "4.5"]
[White "Zemlyanskii, Ivan"]
[Black "Grover, Sahaj"]
[Result "1-0"]
[ECO "E11"]
[WhiteElo "2492"]
[BlackElo "2503"]
[Annotator "TA"]
[PlyCount "77"]
[EventDate "2024.02.12"]
[EventType "tourn"]
[EventCountry "SRB"]
[SourceTitle "playchess.com"]
[Source "ChessBase"]
[SourceQuality "1"]
[TimeControl "5400+30"]

1. d4 Nf6 2. c4 e6 3. Nf3 Bb4+ 4. Bd2 Qe7 5. g3 Bxd2+ 6. Qxd2 Nc6 7. b3 d5 8. Bg2 Ne4 {[%emt 0:03:03] The position is equal.} 9. Qb2 a5 10. Nfd2 Nf6 11. O-O a4 12. e3 (12. bxa4 $14 O-O 13. e3) 12... a3 13. Qc1 O-O 14. Nc3 Rd8 15. Rd1 Nb4 16. Ndb1 dxc4 17. bxc4 e5 18. Nxa3 Bf5 {[%emt 0:00:00] Prevents Nc2.} 19. Bf1 {[%emt 0:00:00] Dodges Nd3} h5 20. c5 h4 21. Qb2 exd4 22. exd4 Nc6 23. Nab5 Bg4 24. Rd3 h3 (24... hxg3 $14 25. hxg3 Qd7) 25. Re3 $16 Qd7 {[%emt 0:00:00] [#]} (25... Qf8 $16) 26. d5 $1 $18 Ne7 27. d6 cxd6 28. cxd6 (28. Nxd6 Nf5 29. Rd3 Nxd6 $14) 28... Nf5 29. Rd3 Qc6 30. Qb4 Rd7 31. Qf4 ({Less strong is} 31. Nd5 Be2 32. Nxf6+ (32. Bxe2 Nxd5 33. Qg4 Nb6 $14) 32... gxf6 $14) 31... Rad8 {[%emt 0:04:03][%cal Rf5d6] [#]} 32. f3 $2 ({But not} 32. Nd5 $6 Nxd5 33. Qxg4 Nxd6 $16) (32. Rc1 $1 $18) 32... Qb6+ $11 33. Kh1 {[%emt 0:00:00] Dancing on a razor blade.} Nxd6 34. fxg4 {[%emt 0:00:00][%cal Oa1c1] Threatens to win with Rc1!} Nxb5 35. Rxd7 Nxc3 (35... Rxd7 $11 {and Black stays safe.} 36. Bxb5 (36. Nxb5 Nxg4 37. Qxg4 Qc6+ 38. Kg1 Qc5+ 39. Kh1 Qd5+ 40. Kg1 Qc5+ 41. Kh1 Qc6+ 42. Kg1 Qb6+ 43. Kh1 Qc6+ $11) 36... Rc7) 36. Rxd8+ $18 {[%emt 0:00:00] White is clearly winning.} Qxd8 37. Bxh3 Nfe4 38. Bg2 Nd2 (38... g5 $142 39. Qf5 Qe7) 39. Re1 {[%emt 0:00:00] Weighted Error Value: White=0.16 (very precise) /Black=0.32.  Loses game:     	---       	Black=1      Missed win:     	White=1     	---        Mistake:       	White=1     	Black=3      Inaccurate:     	White=1     	Black=2      OK:         	White=21    	Black=11     Best:        	White=1     	Black=4      Brilliant:      	White=1     	---} 1-0

[Event "RUDAR VI-GM 2024"]
[Site "Pozarevac"]
[Date "2024.02.12"]
[Round "5.1"]
[White "Grover, Sahaj"]
[Black "Krishna Teja, N."]
[Result "1-0"]
[ECO "C64"]
[WhiteElo "2503"]
[BlackElo "2349"]
[Annotator "TA"]
[PlyCount "53"]
[EventDate "2024.02.12"]
[EventType "tourn"]
[EventCountry "SRB"]
[SourceTitle "playchess.com"]
[Source "ChessBase"]
[SourceQuality "1"]
[TimeControl "5400+30"]

1. e4 e5 2. Nf3 Nc6 3. Bb5 a6 4. Ba4 Bc5 5. c3 Nge7 6. O-O Ng6 7. d4 Ba7 8. Bg5 f6 {[%emt 0:00:04] White is slightly better.} 9. Be3 O-O 10. Nbd2 d6 11. Re1 Kh8 12. h3 a5 13. Rc1 Bd7 14. Nf1 exd4 15. Nxd4 Nxd4 16. Bxd4 Bxd4 17. cxd4 d5 18. Bxd7 Qxd7 19. exd5 Nf4 20. Ne3 Rfc8 21. Rc3 {[%emt 0:01:21][%cal Bc1c3,Bc3c5,Bc5h5][%mdl 32] Strongly threatening Qf3.} Nxd5 (21... Re8 $1 $14) 22. Nxd5 $16 Qxd5 23. Re7 $36 {[%emt 0:00:05][%mdl 2048] Keeping Black busy.} Qd6 24. Qe2 (24. Rf7 $142) 24... h6 (24... c6 $142) 25. Qe4 {[%emt 0:02:56] White is more active. Black is weak on the light squares. White is clearly better.} Rab8 (25... f5 $16 26. Qe5 (26. Qxf5 $2 {loses.} Qxe7 27. Qc2 Rf8 $19) 26... Qxe5 27. dxe5 f4) 26. Rc5 $18 c6 {[%emt 0:01:44] [#]} 27. Rh5 $1 {[%emt 0:00:09] Weighted Error Value: White=0.06 (flawless) /Black=0.20 (precise) .  Mistake:       	White=1     	Black=3      Inaccurate:     	White=1     	Black=2      OK:         	White=10    	Black=6      Best:        	White=1     	Black=1      Strong:       	White=1     	---} ({Much less strong is} 27. Rxa5 $6 Rc7 28. Rxc7 Qxc7 $16) 1-0

[Event "RUDAR VI-GM 2024"]
[Site "Pozarevac"]
[Date "2024.02.12"]
[Round "5.2"]
[White "Sutormin, Danila"]
[Black "Zemlyanskii, Ivan"]
[Result "1/2-1/2"]
[ECO "B06"]
[WhiteElo "2353"]
[BlackElo "2492"]
[Annotator "TA"]
[PlyCount "37"]
[EventDate "2024.02.12"]
[EventType "tourn"]
[EventCountry "SRB"]
[SourceTitle "playchess.com"]
[Source "ChessBase"]
[SourceQuality "1"]
[TimeControl "5400+30"]

1. e4 c5 2. c3 d5 3. exd5 Qxd5 4. d4 g6 5. Nf3 Bg7 6. Nbd2 cxd4 7. Bc4 Qd8 8. Nxd4 {[%emt 0:00:16] White has an edge.} Nf6 9. O-O O-O 10. N2f3 Qc7 {[%emt 0:00:06] Dodges Ne5} 11. Qe2 Bg4 {[%emt 0:00:13][%cal Oe7e5] The position is equal.} 12. h3 Bxf3 13. Nxf3 e6 14. Be3 Nc6 15. a4 Ne7 16. Bd4 Nc6 17. Be3 Ne7 18. Bd4 Nc6 19. Be3 {[%emt 0:02:59] Weighted Error Value: White=0.07 (flawless) /Black=0.03 (flawless) .  OK:         	White=2     	Black=7      Best:        	White=1     	---} 1/2-1/2

[Event "RUDAR VI-GM 2024"]
[Site "Pozarevac"]
[Date "2024.02.12"]
[Round "5.3"]
[White "Velpula Sarayu"]
[Black "Apaar Saxena"]
[Result "1-0"]
[ECO "B45"]
[WhiteElo "2444"]
[BlackElo "2150"]
[Annotator "TA"]
[PlyCount "39"]
[EventDate "2024.02.12"]
[EventType "tourn"]
[EventCountry "SRB"]
[SourceTitle "playchess.com"]
[Source "ChessBase"]
[SourceQuality "1"]
[TimeControl "5400+30"]

1. e4 c5 2. Nf3 e6 3. d4 cxd4 4. Nxd4 Nf6 5. Nc3 Nc6 6. Nxc6 bxc6 7. e5 Nd5 8. Ne4 Qc7 9. f4 Qb6 10. a3 Ne3 11. Qd3 Nxf1 12. Rxf1 {[%emt 0:00:10] The position is equal.} Be7 13. Be3 Qa5+ {[%emt 0:03:44] Black is weak on the dark squares} 14. b4 Bxb4+ ({Better is} 14... Qd5 $1 $14) 15. axb4 $18 Qa4 {[%emt 1:07:38] [#]} (15... Qxa1+ 16. Kf2 Qa2) 16. Ra2 $2 Qxa2 $16 17. Kf2 $2 {[%emt 0:01:30][%mdl 8192] Active counter play!} (17. Nd6+ $16 {is forced if you want to stay better.} Kd8 18. b5 (18. Nxf7+ Ke8 $18)) 17... Kf8 $4 (17... Ba6 $19 18. b5 Bxb5 (18... cxb5 19. Nd6+ Kf8 20. Qc3 $11) 19. Nd6+ Kf8 20. Nxb5 cxb5) 18. Nd6 $4 (18. Bc5+ $18 {was the only winning move.} Ke8 19. Nd6+ Kd8 20. Nxf7+ Kc7 21. Nxh8) 18... Ba6 $19 19. Kg1 $2 (19. b5 Bxb5 20. Nxb5 cxb5 21. Qxb5) 19... g6 $4 {[%emt 0:00:00][%mdl 8192] [#]} (19... Bxd3 $19 {avoids the disaster.} 20. cxd3 a5 21. bxa5 Qxa5) 20. c4 {[%emt 0:08:00] Weighted Error Value: White=2.09/Black=1.13.  Loses game:     	---       	Black=1      Missed win:     	White=2     	Black=2      Mistake:       	---       	Black=1      Inaccurate:     	White=1     	Black=1      OK:         	White=1     	Black=1      Best:        	White=1     	Black=2} 1-0

[Event "RUDAR VI-GM 2024"]
[Site "Pozarevac"]
[Date "2024.02.12"]
[Round "5.4"]
[White "Volkov, Dmitriy"]
[Black "Ahmadzada, Ahmad"]
[Result "0-1"]
[ECO "B56"]
[WhiteElo "2268"]
[BlackElo "2501"]
[Annotator "TA"]
[PlyCount "68"]
[EventDate "2024.02.12"]
[EventType "tourn"]
[EventCountry "SRB"]
[SourceTitle "playchess.com"]
[Source "ChessBase"]
[SourceQuality "1"]
[TimeControl "5400+30"]

1. e4 c5 2. Nf3 d6 3. d4 cxd4 4. Nxd4 Nf6 5. Nc3 Nc6 6. f3 e5 7. Nb3 Be6 8. Nd5 Be7 9. c4 a5 10. Be3 Nd7 {[%emt 0:01:03] Prevents Bb6. The position is equal.} 11. Bd3 a4 12. Nxe7 Qxe7 13. Nc1 O-O 14. Ne2 Nc5 15. Rc1 Rfc8 {[%emt 0:07:00] Black is more active.} 16. O-O Na5 17. Bxc5 dxc5 18. Qc2 {[%emt 0:17:53][%cal Of3f4] [#]} b5 $1 19. b3 (19. cxb5 $2 {is the wrong capture.} c4 (19... Bxa2 20. Nc3 $15) 20. Rfd1 Qc5+ (20... cxd3 $2 21. Qxd3 Rxc1 22. Rxc1 $19) 21. Kh1 Qxb5 $19) (19. Nc3 Nxc4) 19... b4 20. f4 f6 21. f5 Bf7 22. Qb1 Rd8 {[%emt 0:03:37] Hoping for ...axb3.} 23. g4 $2 (23. Bc2 $17) 23... axb3 $19 24. axb3 {[%emt 0:00:07] [#]} Nxb3 $1 25. Qxb3 (25. Rcd1 Ra3) 25... Ra3 26. Bc2 Rxb3 27. Bxb3 Rd3 28. Ba4 Qd6 29. Rfd1 {[%emt 0:00:34] [#]} Bxc4 $1 30. Rxc4 Rxd1+ 31. Kf2 Rd2 {[%emt 0:00:23] ( -> ...Qd3)} 32. Bb3 Kf8 {[%emt 0:00:06] Black mates.} 33. Rc1 Qd3 34. Bc4 Rxe2+ {[%emt 0:00:05] White did not feel at home in the position after the opening.   Weighted Error Value: White=0.99/Black=0.02 (flawless) .  Loses game:     	White=1     	---        Inaccurate:     	White=5     	---        OK:         	White=4     	Black=10     Best:        	---       	Black=2      Brilliant:      	---       	Black=1} 0-1

[Event "RUDAR VI-GM 2024"]
[Site "Pozarevac"]
[Date "2024.02.12"]
[Round "5.5"]
[White "Kotronias, Vasilios"]
[Black "Garifullina, Leya"]
[Result "1-0"]
[ECO "C83"]
[WhiteElo "2453"]
[BlackElo "2422"]
[Annotator "RC"]
[PlyCount "81"]
[EventDate "2024.02.12"]
[EventType "tourn"]
[EventCountry "SRB"]
[SourceTitle "playchess.com"]
[Source "ChessBase"]
[SourceQuality "1"]
[TimeControl "5400+30"]

1. e4 e5 2. Nf3 Nc6 3. Bb5 a6 4. Ba4 Nf6 5. O-O Nxe4 6. d4 b5 7. Bb3 d5 8. dxe5 Be6 9. Nbd2 Be7 10. c3 O-O 11. Bc2 f5 12. exf6 Nxf6 13. Re1 Bg4 14. h3 Bh5 15. a4 b4 16. Bf5 Bd6 17. g4 Bg6 18. Bxg6 hxg6 19. Ng5 Re8 20. Rxe8+ Qxe8 21. Ndf3 bxc3 22. bxc3 Ne5 23. Bf4 Nxf3+ 24. Qxf3 Bxf4 25. Qxf4 Qc6 26. Re1 Qd7 27. Qd4 Nh7 28. Re5 c6 29. Qd3 Nf8 30. Qe3 Qd6 31. Re7 Rd8 32. Nf7 Qxe7 33. Qxe7 Rd7 34. Qc5 Rxf7 35. Qxc6 Rf6 36. Qxd5+ Kh7 37. c4 Re6 38. Kf1 Rb6 39. c5 Rb1+ 40. Ke2 Rb2+ 41. Ke3 1-0

[Event "RUDAR VI-GM 2024"]
[Site "Pozarevac"]
[Date "2024.02.12"]
[Round "6.1"]
[White "Krishna Teja, N."]
[Black "Garifullina, Leya"]
[Result "1-0"]
[ECO "C56"]
[WhiteElo "2349"]
[BlackElo "2422"]
[Annotator "RC"]
[PlyCount "77"]
[EventDate "2024.02.12"]
[EventType "tourn"]
[EventCountry "SRB"]
[SourceTitle "playchess.com"]
[Source "ChessBase"]
[SourceQuality "1"]
[TimeControl "5400+30"]

1. e4 e5 2. Bc4 Nf6 3. d4 exd4 4. Nf3 Nc6 5. O-O Bc5 6. e5 d5 7. exf6 dxc4 8. Re1+ Kf8 9. Bg5 gxf6 10. Bh6+ Kg8 11. Nc3 Bf8 12. Bxf8 Kxf8 13. Ne4 Bf5 14. Qd2 Kg7 15. Nh4 Bg6 16. Ng3 Qd5 17. Nhf5+ Qxf5 18. Nxf5+ Bxf5 19. c3 Rhd8 20. Qf4 Bc2 21. cxd4 Nxd4 22. Qxc7 Bg6 23. Rad1 b5 24. h4 Bc2 25. Ra1 Bg6 26. Re7 Rac8 27. Qf4 b4 28. g4 h5 29. g5 fxg5 30. hxg5 c3 31. bxc3 bxc3 32. Rae1 c2 33. Kg2 Nf5 34. Rc7 Rxc7 35. Qxc7 Rd1 36. Re8 Kh7 37. Qc8 Ne3+ 38. Kf3 Be4+ 39. Kxe4 1-0